 Dungeon Crawl Stone Soup version 0.22.1-6-g1668fe2c40 (webtiles) character file.

209642 Peloso the Hoplite (level 18, 0/170 HPs)
             Began as a Minotaur Fighter on Jan 24, 2019.
             Was the Champion of Okawaru.
             Slain by a salamander
             ... wielding a +0 halberd
              (14 damage)
             ... on level 3 of the Snake Pit.
             The game lasted 01:49:54 (33874 turns).

Peloso the Hoplite (Minotaur Fighter)              Turns: 33874, Time: 01:49:54

Health: 0/170      AC: 32    Str: 34    XL:     18   Next: 16%
Magic:  18/18      EV:  8    Int:  7    God:    Okawaru [******]
Gold:   2453       SH: 17    Dex:  8    Spells: 17/17 levels left

rFire    . . .     SeeInvis .   a - +4 demon blade "Zum Vana" {freeze, Str+5}
rCold    + + .     Gourm    .   c - +0 shield
rNeg     + . .     Faith    .   z - +9 plate armour of Crawling {Int+2 Stlth+}
rPois    +         Spirit   .   I - +2 hat
rElec    +         Reflect  .   s - +1 cloak {+Inv}
rCorr    .         Harm     .   D - +0 pair of gloves of the Sun {rPois MR+}
MR       +++..                  (no boots)
Stlth    ..........             m - amulet of regeneration
HPRegen  0.78/turn              n - ring of Past Mistakes {rElec rC++ rN+ Str+3 Dex-5}
MPRegen  0.16/turn              x - ring of protection from magic

@: lethally poisoned (0 -> 0), about to teleport, constricted
A: retaliatory headbutt, horns 2
}: 1/15 runes: decaying
a: Heroism, Finesse, Renounce Religion, Evoke Invisibility


You were on level 3 of the Snake Pit.
You worshipped Okawaru.
Okawaru was exalted by your worship.
You were hungry.

You visited 6 branches of the dungeon, and saw 31 of its levels.
You visited the Abyss 1 time.
You also visited: Bailey and Volcano.

You collected 3875 gold pieces.
You spent 1422 gold pieces at shops.

Inventory:

Hand Weapons
 a - the +4 demon blade "Zum Vana" (weapon) {freeze, Str+5}
   (Okawaru gifted it to you on level 10 of the Dungeon)

   It has been specially enchanted to freeze those struck by it, causing extra
   injury to most foes and up to half again as much damage against particularly
   susceptible opponents.
   It can also slow down cold-blooded creatures.
   It affects your strength (+5).
 b - the +8 scimitar "Hihaopr Waaf" {freeze, rElec rN+ Int-2}
   (Okawaru gifted it to you on level 1 of the Lair of Beasts)

   It has been specially enchanted to freeze those struck by it, causing extra
   injury to most foes and up to half again as much damage against particularly
   susceptible opponents.
   It can also slow down cold-blooded creatures.
   It affects your intelligence (-2).
   It insulates you from electricity.
   It protects you from negative energy.
 r - a +1 scimitar of flaming
Armour
 c - a +0 shield (worn)
 s - a +1 cloak of invisibility (worn)
 z - the +9 plate armour of Crawling (worn) {Int+2 Stlth+}
   (You bought it in a shop on level 2 of the Orcish Mines)

   It affects your intelligence (+2).
   It makes you more stealthy.
 D - the +0 pair of gloves of the Sun (worn) {rPois MR+}
   (You found it on level 7 of the Dungeon)

   It protects you from poison.
   It affects your resistance to hostile enchantments.
 I - a +2 hat (worn)
 O - a scarf of spirit shield
Jewellery
 m - an amulet of regeneration (around neck)
 n - the ring of Past Mistakes (left hand) {rElec rC++ rN+ Str+3 Dex-5}
   (You found it on level 4 of the Dungeon)

   [ring of positive energy]

   It affects your strength (+3).
   It affects your dexterity (-5).
   It greatly protects you from cold.
   It insulates you from electricity.
   It protects you from negative energy.
 x - a ring of protection from magic (right hand)
Wands
 g - a wand of digging (40)
Scrolls
 e - 5 scrolls of identify
 i - 6 scrolls of blinking
 k - a scroll of enchant weapon
 o - 10 scrolls of teleportation
 w - 4 scrolls of fear
 y - 5 scrolls of remove curse
 K - a scroll of noise
 U - 2 scrolls of summoning
Potions
 d - 5 potions of might
 h - 9 potions of curing
 j - 6 potions of agility
 q - a potion of flight
 v - 4 potions of resistance
 C - a potion of mutation
 E - 4 potions of haste
 H - 3 potions of heal wounds
 X - 2 potions of berserk rage
Comestibles
 f - 49 rations


   Skills:
 + Level 17.3 Fighting
 + Level 18.5 Long Blades
   Level 6.8 Axes
 + Level 16.4 Armour
 + Level 5.5 Dodging
 + Level 2.1 Stealth
 + Level 21.3 Shields
 + Level 1.6 Invocations
 + Level 2.5 Evocations


You had 17 spell levels left.
You didn't know any spells.
Your spell library contained the following spells:

 Spells                   Type           Power        Failure   Level  Hunger
 Animate Skeleton         Necr           N/A          89%         1    ##.....
 Apportation              Tloc           #.....       89%         1    ##.....
 Confusing Touch          Hex            #.....       89%         1    ##.....
 Flame Tongue             Conj/Fire      #....        89%         1    ##.....
 Magic Dart               Conj           #...         89%         1    ##.....
 Pain                     Necr           #...         89%         1    ##.....
 Summon Small Mammal      Summ           #...         89%         1    ##.....
 Searing Ray              Conj           #.....       96%         2    ###....
 Throw Flame              Conj/Fire      #.....       96%         2    ###....
 Confuse                  Hex            #.......     99%         3    ####...
 Conjure Flame            Conj/Fire      #.......     99%         3    ####...
 Dazzling Spray           Conj/Hex       #.....       99%         3    ####...
 Gell's Gravitas          Tloc           #.........   99%         3    ####...
 Inner Flame              Hex/Fire       #.......     99%         3    ####...
 Regeneration             Chrm/Necr      #.........   99%         3    ####...
 Vampiric Draining        Necr           #.........   99%         3    ####...
 Animate Dead             Necr           N/A          100%        4    #####..
 Force Lance              Conj/Tloc      #.......     100%        4    #####..
 Fulminant Prism          Conj/Hex       #.........   100%        4    #####..
 Iskenderun's Mystic Bla  Conj           #.......     100%        4    #####..
 Petrify                  Tmut/Erth      #.......     100%        4    #####..
 Sticky Flame             Conj/Fire      #.......     100%        4    #####..
 Fireball                 Conj/Fire      #.........   100%        5    ######.
 Metabolic Englaciation   Hex/Ice        #.........   100%        5    ######.
 Yara's Violent Unravell  Hex/Tmut       #.........   100%        5    ######.


Dungeon Overview and Level Annotations

Branches:
Dungeon (15/15)            Temple (1/1) D:4            Lair (6/6) D:10
  Swamp (4/4) Lair:2        Snake (3/4) Lair:2        Slime (0/5) Lair:6
    Orc (2/2) D:11            Elf (0/3) Orc:2        Vaults (0/5) D:13
 Depths (0/5) D:15

Altars:
Ashenzari
Cheibriados
Dithmenos
Elyvilon
Fedhas
Gozag
Hepliaklqana
Kikubaaqudgha
Makhleb
Nemelex Xobeh
Okawaru
Qazlal
Ru
Sif Muna
Trog
Uskayaw
Vehumet
Wu Jian
Xom
Yredelemnul
The Shining One
Beogh
Jiyva

Shops:
D:9 %   D:11 *   D:14 [   Orc:2 ??[:

Annotations:
Lair:4 exclusion: 2 oklob plants


Innate Abilities, Weirdness & Mutations

You reflexively headbutt those who attack you in melee.
You have a pair of horns on your head.


Message History

You feel sick.
Unknown command.
You slash the salamander! You freeze the salamander.
The salamander is heavily wounded.
The naga mage spits poison at you. The splash of poison misses you.
The salamander hits you but does no damage. x2
The naga warrior hits you with a halberd.
* * * LOW HITPOINT WARNING * * *
The naga warrior constricts you.
You closely miss the salamander.
The salamander is heavily wounded.
Unknown command.
Your plate armour of Crawling prevents you from hitting the salamander.
The salamander is heavily wounded.
You feel sick. You block the salamander's attack.
The salamander hits you with a halberd.
* * * LOW HITPOINT WARNING * * *
You are engulfed in flames!
You die...

.N #....#...#.##.#
##.###........#..###. #
................###.
#.#. ....N...........##.
#.#.##...............#.#
##...........#...##...##
#..........##....##...#
#......#####...##...##
#.#...N@##)##.....##...#
#.....NN#)(()...#......#
#.....#((()###..........
#....##......##.#......#
.....#..###...###....[.#
.#.. #... ..?##.....#..
......... #..##......##
.......... .####.....##
.......? ## #.....##


You could see a naga warrior, 2 salamanders and a naga mage.

Vanquished Creatures
  the Lernaean hydra (Swamp:4)
  Saint Roka (Snake:2)
  Gastronok (D:8)
  Kirke (Lair:6)
  A nagaraja (Snake:2)
  2 thorn hunters (Swamp:3)
  An orc warlord (Bailey)
  Louise (Swamp:3)
  2 entropy weavers
  Snorg (D:12)
  A fire dragon (Lair:6)
  A yaktaur captain (D:13)
  An ice dragon (Lair:6)
  24 hydras
  A rakshasa (Abyss:3)
  8 naga warriors
  3 centaur warriors
  A ghost crab (Swamp:4)
  A catoblepas (Lair:6)
  8 two-headed ogres
  4 death yaks
  6 anacondas
  14 alligators
  2 ogre magi
  A queen ant (Lair:5)
  2 tengu warriors
  4 shock serpents
  5 naga sharpshooters
  2 skeletal warriors (Volcano)
  5 spriggans
  The ghost of vvokhom the Geomancer, a novice GrEE of Nemelex Xobeh (D:7)
  4 unseen horrors
  A salamander mystic (Snake:3)
  5 naga ritualists
  A shambling mangrove (Swamp:4)
  3 large abominations (Abyss:3)
  2 wizards (D:15)
  15 swamp dragons
  A necromancer (Abyss:3)
  An oklob plant (Lair:2)
  2 lindwurms
  6 orc knights
  3 orc sorcerers
  9 mana vipers
  2 wolf spiders (Lair:5)
  15 salamanders
  21 black mambas
  11 ugly things
  5 cyclopes
  5 manticores
  3 guardian serpents
  A centaur zombie (D:13)
  Maurice (Orc:1)
  20 spiny frogs
  5 gargoyles (Volcano)
  10 naga magi
  6 torpor snails
  Joseph (D:7)
  4 centaur skeletons
  A yaktaur (shapeshifter) (D:13)
  5 rime drakes (Lair:6)
  A kobold demonologist (D:11)
  8 komodo dragons
  2 efreet
  2 yaktaurs (D:13)
  A tormentor (Abyss:3)
  An ancient zyme (Abyss:3)
  2 polar bears (Lair:6)
  7 trolls
  13 tyrant leeches
  43 slime creatures
  3 meliai
  3 raiju (Abyss:3)
  14 hornets
  14 blink frogs
  6 hippogriffs
  7 bog bodies
  5 harpy skeletons (Volcano)
  A meliai zombie (D:12)
  Sigmund (D:4)
  An alligator skeleton (Volcano)
  2 flying skulls (Volcano)
  4 shadows
  A vampire (D:14)
  3 water elementals (D:14)
  2 wyverns
  34 yaks
  Eustachio (D:6)
  A basilisk (Lair:6)
  A human (D:7)
  3 steam dragons
  5 hogs
  30 vampire mosquitoes
  Grum (D:10)
  2 hungry ghosts
  14 insubstantial wisps
  A neqoxec (Abyss:3)
  19 swamp worms
  30 nagas
  3 acid dragons
  30 soldier ants
  5 porcupines
  18 water moccasins
  Duvessa (D:4)
  17 swamp drakes
  37 orc warriors
  3 small abominations (Abyss:3)
  5 sky beasts
  2 ice beasts
  An eye of draining (D:13)
  A phantom (D:6)
  3 black bears
  2 necrophages (D:7)
  A hornet zombie (D:14)
  11 wolves
  18 centaurs
  15 ogres
  12 crocodiles
  3 big kobolds
  15 bullfrogs
  A wyvern zombie (D:9)
  Dowan (D:4)
  2 scorpions
  11 wights
  15 killer bees
  A troll skeleton (Volcano)
  A spriggan skeleton (Volcano)
  8 howler monkeys
  6 electric eels
  3 bullfrog zombies
  2 crimson imps
  5 starcursed masses (Abyss:3)
  4 human zombies (D:7)
  Crazy Yiuf (D:6)
  22 orc priests
  2 hounds
  5 jellies
  A quasit (D:11)
  A bullfrog skeleton (D:11)
  An iron imp (Abyss:3)
  11 orc wizards
  7 iguanas
  2 human skeletons (D:7)
  21 worker ants
  3 naga skeletons (Volcano)
  A hound skeleton (D:7)
  2 mummies (D:7)
  2 worker ant zombies
  A gnoll (Bailey)
  A howler monkey skeleton (D:9)
  22 adders
  4 shadow imps
  An ufetubus (Abyss:3)
  5 oozes
  An adder zombie (D:5)
  2 adder skeletons
  2 worms
  5 dart slugs
  2 leopard geckos
  79 orcs
  A ball python (D:5)
  6 giant cockroaches
  16 goblins
  14 hobgoblins
  4 jackals (D:9)
  11 quokkas
  12 bats
  8 frilled lizards
  A giant cockroach zombie (D:6)
  28 kobolds
  A leopard gecko skeleton (D:5)
  6 rats
  A briar patch (Swamp:3)
  3 fungi
  A lurking horror (Abyss:3)
  5 plants
1153 creatures vanquished.

Vanquished Creatures (others)
  Nikola (Swamp:3)
  An alligator (Swamp:3)
  A flying skull (Volcano)
  A shadow (Swamp:2)
  A human (Lair:6)
  A swamp worm (Swamp:4)
  An orc wizard (Orc:2)
  An orc (Orc:2)
  2 bushes (Lair:6)
  21 fungi
  36 plants
67 creatures vanquished.

Grand Total: 1220 creatures vanquished

Notes
Turn   | Place    | Note
-------+----------+-------------------------------------------
     0 | D:1      | Peloso the Minotaur Fighter began the quest for the Orb.
     0 | D:1      | Reached XP level 1. HP: 19/19 MP: 0/0
   127 | D:1      | Reached XP level 2. HP: 27/27 MP: 1/1
   407 | D:1      | Reached skill level 4 in Shields
   419 | D:1      | Reached XP level 3. HP: 29/33 MP: 2/2
   730 | D:2      | Found a blossoming altar of Fedhas.
   914 | D:2      | Reached XP level 4. HP: 40/40 MP: 3/3
  1236 | D:2      | Reached skill level 1 in Dodging
  1543 | D:2      | Found a deep blue altar of Sif Muna.
  1777 | D:3      | Reached XP level 5. HP: 29/46 MP: 4/4
  1798 | D:3      | Reached skill level 5 in Shields
  2615 | D:4      | Noticed an ogre
  2632 | D:4      | HP: 2/46 [ogre/giant spiked club (21)]
  2633 | D:4      | Killed an ogre
  2633 | D:4      | Reached skill level 5 in Long Blades
  2633 | D:4      | Reached XP level 6. HP: 2/53 MP: 5/5
  3085 | D:4      | Noticed Duvessa
  3085 | D:4      | Noticed Dowan
  3104 | D:4      | Killed Duvessa
  3104 | D:4      | Reached skill level 5 in Armour
  3112 | D:4      | Killed Dowan
  3186 | D:4      | Reached skill level 5 in Fighting
  3186 | D:4      | Reached XP level 7. HP: 52/61 MP: 6/6
  3252 | D:4      | Got a crude golden ring
  3263 | D:4      | Noticed Sigmund
  3284 | D:4      | Killed Sigmund
  3284 | D:4      | Reached skill level 6 in Shields
  3606 | D:4      | Found a staircase to the Ecumenical Temple.
  3815 | Temple   | Entered the Ecumenical Temple
  3966 | Temple   | Became a worshipper of Warmaster Okawaru
  4042 | D:5      | Entered Level 5 of the Dungeon
  4146 | D:5      | Found an ornate altar of the Wu Jian Council.
  4231 | D:5      | Found a sacrificial altar of Ru.
  4273 | D:5      | Reached XP level 8. HP: 70/70 MP: 7/7
  4485 | D:6      | Found a glowing golden altar of the Shining One.
  4501 | D:6      | Noticed Eustachio
  4525 | D:6      | Reached * piety under Okawaru
  4525 | D:6      | Reached skill level 1 in Stealth
  4695 | D:6      | Reached skill level 7 in Shields
  4771 | D:6      | Killed Eustachio
  5193 | D:6      | Found a runed door.
  5197 | D:6      | Noticed Crazy Yiuf
  5202 | D:6      | Killed Crazy Yiuf
  5276 | D:7      | Noticed Joseph
  5294 | D:7      | Killed Joseph
  5294 | D:7      | Reached ** piety under Okawaru
  5294 | D:7      | Reached skill level 8 in Shields
  5294 | D:7      | Reached XP level 9. HP: 68/78 MP: 8/8
  5299 | D:7      | Got a pair of polished gloves
  5305 | D:7      | Identified the +0 pair of gloves of the Sun {rPois MR+}
                  | (You found it on level 7 of the Dungeon)
  5386 | D:7      | Found an opulent altar of Gozag.
  5510 | D:7      | Found a basalt altar of Yredelemnul.
  5694 | D:7      | Found a runed gate.
  5697 | D:7      | Found an opulent altar of Gozag.
  5703 | D:7      | Found a runed gate.
  5703 | D:7      | Found a runed gate.
  5703 | D:7      | Noticed vvokhom's ghost (novice GrEE)
  5711 | D:7      | Reached *** piety under Okawaru
  5753 | D:7      | Found an opulent altar of Gozag.
  6126 | D:7      | Reached skill level 10 in Long Blades
  6133 | D:7      | Reached skill level 9 in Shields
  6373 | D:8      | Reached **** piety under Okawaru
  6382 | D:8      | Found a hazy altar of Hepliaklqana.
  6386 | D:8      | Reached XP level 10. HP: 87/87 MP: 9/9
  6388 | D:8      | Found an ancient bone altar of Kikubaaqudgha.
  6511 | D:8      | Found a shattered altar of Ashenzari.
  6610 | D:8      | Noticed Gastronok
  6634 | D:8      | Killed Gastronok
  6634 | D:8      | Reached skill level 10 in Shields
  6833 | D:8      | Reached ***** piety under Okawaru
  7501 | D:9      | Found Osyhar's Food Shop.
  7516 | D:9      | Found a shattered altar of Ashenzari.
  8239 | D:10     | Entered Level 10 of the Dungeon
  8301 | D:10     | Received a gift from Okawaru
  8311 | D:10     | Got a translucent demon blade {god gift}
  8312 | D:10     | Identified the +4 demon blade "Zum Vana" {freeze, Str+5}
                  | (Okawaru gifted it to you on level 10 of the Dungeon)
  8480 | D:10     | Reached XP level 11. HP: 78/96 MP: 10/10
  8539 | D:10     | Reached skill level 11 in Shields
  8597 | D:10     | Found a shimmering altar of Xom.
  8597 | D:10     | Found a shimmering altar of Xom.
  8597 | D:10     | Found a shimmering altar of Xom.
  8710 | D:10     | You fall through a shaft for 2 floors!
  8850 | D:12     | Reached skill level 10 in Armour
  9040 | D:12     | Noticed a red ugly thing
  9054 | D:12     | Killed a red ugly thing
  9285 | D:12     | Killed an unseen horror
  9285 | D:12     | Received a gift from Okawaru
  9393 | D:12     | Noticed Snorg
  9401 | D:12     | Killed Snorg
  9896 | D:12     | Reached skill level 12 in Shields
 10042 | D:11     | Noticed a sixfirhy
 10044 | D:11     | Reached skill level 10 in Fighting
 10137 | D:11     | Found a staircase to the Orcish Mines.
 10223 | D:11     | Found a flagged portal.
 10250 | Bailey   | Entered a bailey
 10289 | Bailey   | Noticed an orc warlord
 10376 | Bailey   | Found a runed gate.
 10384 | Bailey   | Found a runed gate.
 10385 | Bailey   | Found a runed gate.
 10405 | Bailey   | Reached XP level 12. HP: 105/105 MP: 11/11
 10477 | Bailey   | Killed an orc warlord
 10522 | Bailey   | Identified a scroll of acquirement
 10730 | D:11     | Found Liutistri's Serpentskin Sales.
 10915 | D:11     | Received a gift from Okawaru
 10924 | D:11     | Got a faintly glowing flail
 11272 | D:10     | Found a staircase to the Lair.
 11345 | D:10     | Noticed Grum
 11356 | D:10     | Killed Grum
 11356 | D:10     | Reached skill level 13 in Shields
 11593 | Lair:1   | Entered Level 1 of the Lair of Beasts
 11698 | Lair:1   | Received a gift from Okawaru
 11702 | Lair:1   | Got an encrusted scimitar {god gift}
 11704 | Lair:1   | Identified the +8 scimitar "Hihaopr Waaf" {freeze, rElec
                  | rN+ Int-2} (Okawaru gifted it to you on level 1 of the Lair
                  | of Beasts)
 12285 | Lair:1   | Identified the ring of Past Mistakes {rElec rC++ rN+ Str+3
                  | Dex-5} (You found it on level 4 of the Dungeon)
 12326 | Lair:2   | Noticed a four-headed hydra
 12341 | Lair:2   | Killed a ten-headed hydra
 12405 | Lair:2   | HP: 5/109 [acid (18)]
 12898 | Lair:2   | Found a staircase to the Snake Pit.
 12925 | Lair:2   | Found a staircase to the Swamp.
 13549 | Lair:2   | Reached skill level 1 in Invocations
 13817 | Lair:3   | Found a dark tunnel.
 13826 | Volcano  | Entered a volcano
 13899 | Volcano  | Reached skill level 14 in Shields
 13914 | Volcano  | Reached ****** piety under Okawaru
 14021 | Volcano  | Received a gift from Okawaru
 14021 | Volcano  | Reached XP level 13. HP: 73/115 MP: 12/12
 14705 | Lair:3   | Reached skill level 1 in Axes
 15202 | Lair:3   | Got an ancient short sword
 15203 | Lair:3   | Identified the cursed +2 short sword "Saag" {drain, +Inv
                  | rF+++ rC- rN++} (You found it on level 3 of the Lair of
                  | Beasts)
 15944 | D:7      | Killed vvokhom's ghost
 16223 | D:13     | Reached skill level 1 in Evocations
 16296 | D:13     | Found a gate to the Vaults.
 16535 | D:13     | Reached skill level 15 in Long Blades
 17136 | Lair:4   | Received a gift from Okawaru
 17162 | Lair:4   | Reached skill level 15 in Shields
 17755 | Lair:4   | Received a gift from Okawaru
 18015 | Lair:5   | Noticed an entropy weaver
 18043 | Lair:5   | Reached XP level 14. HP: 108/125 MP: 14/14
 18070 | Lair:4   | HP: 6/125 [poisoned by a queen ant]
 18076 | Lair:4   | HP: 6/125 [poisoned by a queen ant]
 18443 | Lair:4   | Killed an entropy weaver
 18590 | Lair:5   | Noticed an entropy weaver
 18719 | Lair:5   | Killed an entropy weaver
 19276 | Lair:5   | Identified the cursed +1 flail of Biashr Koobba {crush,
                  | rF+++ rC- rN+ Str+3} (You found it on level 11 of the
                  | Dungeon)
 19455 | Lair:5   | Received a gift from Okawaru
 19486 | Lair:5   | Reached skill level 5 in Axes
 19507 | Lair:5   | Got a brightly glowing ring mail {god gift}
 19518 | Lair:5   | Identified the +2 ring mail of Proximity {rPois rCorr Int-5
                  | Slay+6} (Okawaru gifted it to you on level 5 of the Lair of
                  | Beasts)
 19518 | Lair:5   | Lost intelligence.
 19646 | Lair:6   | Entered Level 6 of the Lair of Beasts
 20001 | Lair:6   | Reached skill level 16 in Shields
 20171 | Lair:6   | Found a runed door.
 20172 | Lair:6   | Found a viscous altar of Jiyva.
 20174 | Lair:6   | Found a staircase to the Slime Pits.
 20722 | Lair:6   | Noticed Kirke
 20735 | Lair:6   | Killed Kirke
 21355 | Lair:6   | Found a runed door.
 21462 | Lair:6   | Received a gift from Okawaru
 21492 | Lair:6   | Got a brightly glowing plate armour {god gift}
 21503 | Lair:6   | Identified the +1 plate armour of Daffodils {rPois rC+}
                  | (Okawaru gifted it to you on level 6 of the Lair of Beasts)
 21938 | D:14     | Reached XP level 15. HP: 125/135 MP: 13/15
 21977 | D:14     | Found a blossoming altar of Fedhas.
 22045 | D:14     | Found Yjoehe's Antique Armour Shop.
 22944 | Orc:1    | Entered Level 1 of the Orcish Mines
 22960 | Orc:1    | Noticed Maurice
 22975 | Orc:1    | Killed Maurice
 23183 | Orc:2    | Entered Level 2 of the Orcish Mines
 23183 | Orc:2    | Found a staircase to the Elven Halls.
 23760 | Orc:2    | Reached skill level 17 in Shields
 24249 | Orc:2    | Found a roughly hewn altar of Beogh.
 24335 | Orc:2    | Found Mynemnua's Magic Scroll Emporium.
 24335 | Orc:2    | Found Biti's Antique Armour Shop.
 24470 | Orc:2    | Found Xedialuweoh's Book Boutique.
 24472 | Orc:2    | Found Echer's Magic Scroll Shoppe.
 24476 | Orc:2    | Bought a scroll of remove curse for 42 gold pieces
 24476 | Orc:2    | Bought a scroll of identify for 28 gold pieces
 24476 | Orc:2    | Bought a scroll of enchant weapon for 105 gold pieces
 24481 | Orc:2    | Bought a crude plate armour for 812 gold pieces
 24494 | Orc:2    | Identified the +9 plate armour of Crawling {Int+2 Stlth+}
                  | (You bought it in a shop on level 2 of the Orcish Mines)
 24501 | Orc:2    | Bought a scroll of enchant weapon for 90 gold pieces
 24501 | Orc:2    | Bought a scroll of blinking for 90 gold pieces
 24501 | Orc:2    | Bought a scroll of enchant armour for 90 gold pieces
 24501 | Orc:2    | Bought a scroll of identify for 24 gold pieces
 24501 | Orc:2    | Bought a scroll of remove curse for 36 gold pieces
 24503 | Orc:2    | Bought a scroll of enchant armour for 105 gold pieces
 24988 | D:15     | Entered Level 15 of the Dungeon
 25317 | D:15     | Found a staircase to the Depths.
 25330 | D:15     | Received a gift from Okawaru
 25608 | D:15     | Found an iron altar of Okawaru.
 26030 | Swamp:1  | Entered Level 1 of the Swamp
 26345 | Swamp:1  | Reached skill level 18 in Shields
 26775 | Swamp:2  | Reached XP level 16. HP: 123/146 MP: 16/16
 26805 | Swamp:2  | Reached skill level 15 in Armour
 26961 | Swamp:2  | Received a gift from Okawaru
 27029 | Swamp:2  | Got a spiked chain mail {god gift}
 27042 | Swamp:2  | Identified the +0 chain mail of Tacet {rElec rC+} (Okawaru
                  | gifted it to you on level 2 of the Swamp)
 27070 | Swamp:2  | Reached skill level 15 in Fighting
 27835 | Swamp:3  | Noticed Louise
 27850 | Swamp:3  | Noticed a thorn hunter
 27867 | Swamp:3  | Killed a thorn hunter
 27910 | Swamp:3  | Killed Louise
 28118 | Swamp:3  | Noticed a thorn hunter
 28131 | Swamp:3  | Killed a thorn hunter
 28131 | Swamp:3  | Reached skill level 19 in Shields
 28235 | Swamp:3  | Noticed Nikola
 28253 | Swamp:3  | Killed Nikola
 28418 | Swamp:3  | Reached skill level 5 in Dodging
 28899 | Swamp:4  | Entered Level 4 of the Swamp
 29271 | Swamp:4  | Received a gift from Okawaru
 29300 | Swamp:4  | Noticed the 27-headed Lernaean hydra
 29356 | Swamp:4  | Killed the 22-headed Lernaean hydra
 29356 | Swamp:4  | Reached XP level 17. HP: 100/157 MP: 14/17
 30105 | Swamp:4  | Got a decaying rune of Zot
 30135 | Swamp:4  | Cast into level 3 of the Abyss (a Zot trap)
 30135 | Abyss:3  | Found a corrupted altar of Lugonu.
 30175 | Abyss:3  | Received a gift from Okawaru
 30327 | Abyss:3  | Reached skill level 20 in Shields
 30394 | Swamp:4  | Escaped the Abyss
 30920 | Snake:1  | Entered Level 1 of the Snake Pit
 31086 | Snake:1  | Found a basalt altar of Yredelemnul.
 31714 | Snake:2  | Noticed Saint Roka
 32343 | Snake:2  | Reached skill level 21 in Shields
 33402 | Snake:2  | Killed Saint Roka
 33402 | Snake:2  | Reached XP level 18. HP: 50/169 MP: 16/18
 33840 | Snake:3  | Received a gift from Okawaru
 33874 | Snake:3  | Slain by a salamander

Skill      XL: |  1  2  3  4  5  6  7  8  9 10 11 12 13 14 15 16 17 |
---------------+----------------------------------------------------+-----
Armour         | 4 5 6 7 8 9 10 12 13 14 15 16 | 16.4
Shields        | 4 5 6 8 9 10 12 14 15 16 18 19 21 | 21.3
Long Blades    | 3 5 7 8 10 11 13 14 15 16 17 18 | 18.5
Fighting       | 4 5 6 7 9 10 11 12 13 14 16 17 | 17.3
Dodging        | 1 2 3 4 5 |  5.5
Stealth        | 1 2 |  2.1
Invocations    | 1 |  1.6
Axes           | 4 6 |  6.8
Evocations     | 2 |  2.5

Action                   |  1- 3 |  4- 6 |  7- 9 | 10-12 | 13-15 | 16-18 || total
-------------------------+-------+-------+-------+-------+-------+-------++-------
Melee: Long sword        |    83 |   154 |   370 |   201 |       |       ||   808
       Headbutt          |     8 |    29 |    85 |   170 |   425 |   309 ||  1026
       Demon blade       |       |       |       |   489 |  1360 |  1100 ||  2949
       Scimitar          |       |       |       |    25 |    25 |    94 ||   144
       Broad axe         |       |       |       |       |   102 |       ||   102
       Short sword       |       |       |       |       |     3 |       ||     3
Invok: Heroism           |       |       |     2 |     4 |     3 |     5 ||    14
Evoke: Wand              |       |       |       |       |    25 |     1 ||    26
  Use: Scroll            |       |    12 |     3 |     8 |    15 |     6 ||    44
       Potion            |       |       |     1 |       |       |     6 ||     7
 Stab: Paralysed         |       |       |     2 |       |       |       ||     2
       Petrified         |       |       |       |       |     2 |       ||     2
  Eat: Chunk             |       |     8 |    10 |    16 |    30 |    21 ||    85
       Ration            |       |       |       |     3 |     3 |     1 ||     7
Armor: Scale mail        |    44 |    40 |       |       |       |       ||    84
       Plate armour      |       |    17 |   219 |   364 |   612 |   654 ||  1866
Dodge: Dodged            |    25 |    33 |    84 |   194 |   397 |   403 ||  1136
Block: Shield            |    66 |    78 |   238 |   532 |  1081 |  1053 ||  3048
       Rpst.: Long sword |     8 |    10 |    19 |    12 |       |       ||    49
       Demon blade       |       |       |       |    25 |    54 |    59 ||   138
       Scimitar          |       |       |       |     1 |     2 |     7 ||    10
